 Dungeon Crawl Stone Soup version 0.28-a0-895-g6e5f11bd55 (webtiles) character file.

Game seed: 17295798652871369333

36838 vurker the Thaumaturge (level 13, -2/116 HPs)
             Began as a Demigod Air Elementalist on Nov 22, 2021.
             Slain by an eight-headed hydra (3 damage)
             ... on level 6 of the Lair of Beasts.
             The game lasted 00:26:06 (27708 turns).

vurker the Thaumaturge (Demigod Air Elementalist)  Turns: 27708, Time: 00:26:06

Health: -2/116     AC: 10    Str:  9    XL:     13   Next: 23%
Magic:  39/45      EV: 11    Int: 41    God:
Gold:   1109       SH:  5    Dex: 14    Spells: 35/40 levels left

rFire   + + .      SeeInvis .   l - +0 dagger (venom)
rCold   + . .      Faith    .   h - +0 buckler
rNeg    . . .      Spirit   .   v - +1 leather armour {rF+}
rPois   +          Reflect  .   F - +2 hat
rElec   +          Harm     .   f - +0 cloak
rCorr   +          Rampage  .   b - +1 pair of gloves
Will    +....                   c - +0 pair of boots
Stlth   ++........              (no amulet)
HPRegen 0.29/turn               E - ring "Fual" {+Blink rPois MP+9 Int+8}
MPRegen 0.29/turn               A - ring of flight

@: brilliant, resistant, flying, hasted (expiring), very quick
A: high mp 1, forlorn
a: Evoke Blink


You were on level 6 of the Lair of Beasts.
You visited 2 branches of the dungeon, and saw 18 of its levels.

You collected 1109 gold pieces.

Inventory:

Hand Weapons
 l - a +0 dagger of venom (weapon)
   (You found it on level 5 of the Dungeon)
Armour
 b - a +1 pair of gloves (worn)
   (You found it on level 1 of the Dungeon)
 c - a +0 pair of boots (worn)
   (You found it on level 1 of the Dungeon)
 f - a +0 cloak (worn)
   (You took it off Maurice on level 9 of the Dungeon)
 h - a +0 buckler (worn)
   (You found it on level 5 of the Dungeon)
 m - a +0 helmet
   (You took it off Robin on level 2 of the Dungeon)
 v - a +1 leather armour of fire resistance (worn)
   (You took it off an orc on level 4 of the Dungeon)
 F - a +2 hat (worn)
   (You found it on level 3 of the Lair of Beasts)
Jewellery
 g - a ring of resist corrosion
   (You found it on level 9 of the Dungeon)
 s - a ring of positive energy
   (You found it on level 10 of the Dungeon)
 y - a ring of wizardry
   (You found it on level 1 of the Lair of Beasts)
 A - a ring of flight (right hand)
   (You found it on level 1 of the Lair of Beasts)
 C - a ring of see invisible
   (You found it on level 2 of the Lair of Beasts)
 E - the ring "Fual" (left hand) {+Blink rPois MP+9 Int+8}
   (You acquired it on level 3 of the Lair of Beasts)

   [ring of magical power]

   Int:       It affects your intelligence (+8).
   rPois:     It protects you from poison.
   MP:        It affects your magic capacity (+9).
   +Blink:    It lets you blink.
Wands
 d - a wand of iceblast (10)
   (You found it on level 3 of the Lair of Beasts)
 r - a wand of polymorph (28)
   (You found it on level 8 of the Dungeon)
 t - a wand of flame (18)
   (You found it on level 11 of the Dungeon)
 u - a wand of paralysis (14)
   (You found it on level 4 of the Dungeon)
Scrolls
 a - 4 scrolls of magic mapping
 p - 3 scrolls of immolation
 w - a scroll of fog
Potions
 i - 2 potions of lignification
 j - 4 potions of magic
 k - 2 potions of flight
 n - 9 potions of curing
 o - 4 potions of mutation
 x - a potion of haste


   Skills:
 + Level 11.0 Fighting
 - Level 1.7 Dodging
 - Level 1.7 Stealth
 - Level 4.0 Shields
 * Level 14.2 Spellcasting
 - Level 3.0 Conjurations
 - Level 10.0 Air Magic


You had 35 spell levels left.
You knew the following spells:

 Your Spells              Type           Power      Damage    Failure   Level
a - Shock                 Conj/Air       100%       1d9       1%          1
c - Airstrike             Air            52%        N/A       1%          4

Your spell library contained the following spells:

 Spells                   Type           Power      Damage    Failure   Level
 Beastly Appendage        Tmut           86%        N/A       1%          1
 Magic Dart               Conj           100%       1d8       1%          1
 Static Discharge         Conj/Air       89%        N/A       1%          2
 Mephitic Cloud           Conj/Pois/Air  77%        N/A       1%          3
 Swiftness                Air            100%       N/A       1%          3
 Call Imp                 Summ           43%        N/A       2%          2
 Ensorcelled Hibernation  Hex/Ice        86%        N/A       2%          2
 Passwall                 Tmut/Erth      35%        N/A       2%          2
 Wereblood                Tmut           43%        N/A       2%          2
 Call Canine Familiar     Summ           43%        N/A       4%          3
 Portal Projectile        Hex/Tloc       86%        N/A       4%          3
 Spider Form              Tmut/Pois      43%        N/A       4%          3
 Hailstorm                Conj/Ice       58%        3d13      9%          4
 Ice Form                 Ice/Tmut       43%        N/A       16%         4
 Leda's Liquefaction      Hex/Erth       21%        N/A       16%         4
 Lee's Rapid Deconstruct  Erth           21%        3d13*     38%         5
 Simulacrum               Ice/Necr       21%        N/A       93%         6
 Statue Form              Tmut/Erth      28%        N/A       93%         6


Dungeon Overview and Level Annotations

Branches:
Dungeon (12/15)            Temple (0/1) D:5            Lair (6/6) D:10
  Swamp (0/4) Lair:4        Snake (0/4) Lair:2          Orc (0/2) D:11
  Slime: Lair:5-6

Annotations:
D:8 5 runed translucent doors
Lair:2 3 runed translucent doors, DEFE's ghost, journeyman DsFi


Innate Abilities, Weirdness & Mutations

Your attributes grow dramatically as you level up.
You have an increased reservoir of magic. (+10% MP)
You shall have no god before yourself.


Message History

The elephant is attracted toward you. x2
The elephant is attracted toward you. The elephant is attracted toward you.
The elephant is attracted toward you. x2
The elephant is attracted toward you. x2
The elephant is attracted toward you. x4
The elephant is attracted toward you.
The elephant is attracted toward you. x2
The elephant is attracted toward you.
The elephant is attracted toward you. x3
The elephant is attracted toward you. x3
The elephant is attracted toward you.
The elephant is attracted toward you. x4
The elephant is attracted toward you. x3
The elephant tramples you but does no damage.
The elephant trunk-slaps you but does no damage.
The elephant is attracted toward you.
The elephant is attracted toward you. x2
The elephant is attracted toward you.
The sentinel's mark upon you fades away.
The elephant is attracted toward you. x3
The elephant is attracted toward you. x2
The elephant is attracted toward you. x2; You feel less attractive to monsters.
An eight-headed hydra comes into view.
The eight-headed hydra roars!
You hear a loud, deep croak!
The polar bear bites you but does no damage.
The polar bear claws you but does no damage. x2
Your extra speed is starting to run out.
As you read the scroll labelled AZINGAFOVU, it crumbles to dust.
It is a scroll of amnesia.
Really abort (and waste the scroll)?
Okay, then.
As you read the scroll labelled OTHREKHL QECUXI, it crumbles to dust.
You speak a Word of immense power!
It was a scroll of holy word.
Okay, then.
Aim: an eight-headed hydra (empty space bonus: 7/8)
You feel a surge of power!
The air twists around and strikes the eight-headed hydra!
Aim: an eight-headed hydra (moderately wounded, empty space bonus: 6/8)
You feel a surge of power!
The air twists around and strikes the eight-headed hydra!
Aim: an eight-headed hydra (moderately wounded, empty space bonus: 5/8)
You feel a surge of power!
The air twists around and strikes the eight-headed hydra!
The elephant tramples you!
* * * LOW HITPOINT WARNING * * *
You hold your ground!
The elephant trunk-slaps you but does no damage.
The eight-headed hydra bites you.
You die...

.........# #P.....#
.#...Y# .[....Y.##
##....## ##.....
........Y## ##..Y.#
..###...#
.......Y..###.....#
#....##....
.........###..÷...#
#..........
........## ##.Y..##
..........P
........# #P..h#
#.......≈..
###.§...## #..DY##
#..[.≈≈≈≈≈≈
#####..# #...@.#
....≈≈≈≈≈≈≈ ####
##.....#
#...≈≈≈≈≈≈≈
#..#####
#..≈≈≈≈≈.≈≈ ####
....≈≈≈.<.≈
....≈≈≈...≈
....≈≈≈≈≈≈≈
....≈≈≈≈≈≈≈
.....≈≈≈≈≈≈
.......≈≈.≈


You could see an eight-headed hydra, 3 elephants and a polar bear.

Vanquished Creatures
  Kirke (Lair:4)
  Harold (D:9)
  6 hydras
  A catoblepas (Lair:4)
  3 two-headed ogres
  Urug (D:11)
  2 bog bodies (Lair:4)
  A lindwurm (Lair:6)
  An oklob plant (Lair:3)
  A cyclops (D:11)
  Maurice (D:9)
  A gargoyle (D:11)
  12 cane toads
  3 rime drakes
  A torpor snail (Lair:2)
  Maggie (D:10)
  A kobold demonologist (D:12)
  10 komodo dragons
  A troll (D:10)
  3 polar bears
  A hornet (Lair:2)
  7 blink frogs
  A meliai zombie (D:10)
  A shadow (D:10)
  A wraith (D:11)
  9 wyverns
  A vampire (D:9)
  30 yaks
  4 basilisks
  3 steam dragons
  2 vampire mosquitoes (D:11)
  3 nagas (Lair:2)
  2 swamp worms (Lair:4)
  An acid dragon (D:10)
  19 water moccasins
  An orc warrior (D:9)
  2 hell hounds (Lair:3)
  4 ice beasts
  A black bear (Lair:2)
  A necrophage (D:4)
  2 ogres
  11 wolves
  3 centaurs
  A phantom (D:4)
  3 kobold brigands
  2 wyvern zombies
  11 bullfrogs
  5 scorpions
  5 killer bees (D:9)
  11 wights
  A howler monkey (D:4)
  10 electric eels
  3 centaur zombies
  3 hounds
  2 orc priests
  2 centaur skeletons
  2 gnoll shamans
  2 bullfrog skeletons
  Jessica (D:2)
  3 iguanas
  A scorpion zombie (D:5)
  4 orc wizards
  2 hound skeletons (D:4)
  Robin (D:2)
  3 adders
  6 gnolls
  A howler monkey skeleton (D:4)
  2 river rats (D:6)
  A shadow imp (D:6)
  A white imp (D:5)
  2 ufetubi
  3 worms
  A dart slug (D:2)
  34 orcs
  5 bats
  7 endoplasms
  4 giant cockroaches
  16 goblins
  9 hobgoblins
  4 jackals
  20 kobolds
  5 quokkas
  7 ball pythons
  2 frilled lizards (D:2)
  5 rats
375 creatures vanquished.

Vanquished Creatures (others)
  A bush (Lair:6)
  57 fungi
  60 plants
118 creatures vanquished.

Grand Total: 493 creatures vanquished

Notes
Turn   | Place    | Note
-------+----------+-------------------------------------------
     0 | D:1      | vurker the Demigod Air Elementalist began the quest for the
                  | Orb.
     0 | D:1      | Reached XP level 1. HP: 14/14 MP: 5/5
   181 | D:1      | Reached skill level 1 in Conjurations
   268 | D:1      | Reached skill level 2 in Spellcasting
   411 | D:1      | Reached XP level 2. HP: 20/20 MP: 4/7
  1065 | D:2      | Reached XP level 3. HP: 27/27 MP: 5/9
  1308 | D:2      | Noticed Robin
  1701 | D:2      | Noticed Jessica
  1719 | D:2      | Killed Jessica
  1720 | D:2      | Reached skill level 1 in Fighting
  1765 | D:2      | Killed Robin
  1766 | D:2      | Reached XP level 4. HP: 35/35 MP: 5/10
  2040 | D:2      | Learned a level 4 spell: Airstrike
  3021 | D:4      | Noticed a necrophage
  3030 | D:4      | Killed a necrophage
  3031 | D:4      | Reached skill level 3 in Spellcasting
  3031 | D:4      | Reached XP level 5. HP: 40/40 MP: 5/12
  3563 | D:4      | Reached XP level 6. HP: 45/48 MP: 7/14
  4106 | D:5      | Entered Level 5 of the Dungeon
  4172 | D:5      | Reached skill level 4 in Spellcasting
  4359 | D:5      | Reached skill level 5 in Air Magic
  4359 | D:5      | Reached XP level 7. HP: 50/56 MP: 7/16
  5540 | D:5      | Found a staircase to the Ecumenical Temple.
  5723 | D:5      | Reached skill level 5 in Spellcasting
  5999 | D:6      | Reached skill level 1 in Shields
  5999 | D:6      | Reached XP level 8. HP: 63/63 MP: 2/19
  7700 | D:7      | Reached skill level 6 in Spellcasting
  8668 | D:8      | Noticed a two-headed ogre
  8680 | D:8      | Killed a two-headed ogre
  8681 | D:8      | Reached XP level 9. HP: 49/72 MP: 2/22
  9108 | D:8      | Found a runed translucent gate.
  9110 | D:8      | Found a runed translucent door.
  9117 | D:8      | Found a runed translucent gate.
  9117 | D:8      | Found a runed translucent gate.
  9126 | D:8      | Found a runed translucent door.
  9184 | D:8      | Found the +9 staff of Olgreb {rPois∞}
  9202 | D:8      | Identified the +3 ring mail of the Kangaroo {Will- rCorr
                  | Stlth+}
  9567 | D:8      | Reached skill level 7 in Spellcasting
  9654 | D:8      | Reached skill level 5 in Fighting
 10615 | D:9      | Noticed Maurice
 10620 | D:9      | Killed Maurice
 11460 | D:9      | Noticed Harold
 11465 | D:9      | Killed Harold
 11466 | D:9      | Reached skill level 8 in Spellcasting
 11466 | D:9      | Reached XP level 10. HP: 71/83 MP: 5/26
 11606 | D:9      | Noticed a two-headed ogre
 11610 | D:9      | Killed a two-headed ogre
 11803 | D:10     | Entered Level 10 of the Dungeon
 12599 | D:10     | Noticed a two-headed ogre
 12614 | D:10     | Killed a two-headed ogre
 12615 | D:10     | Reached skill level 9 in Spellcasting
 13295 | D:10     | Noticed Maggie
 13306 | D:10     | Killed Maggie
 13739 | D:10     | Found a staircase to the Lair.
 13847 | D:11     | Noticed a cyclops
 13850 | D:11     | Killed a cyclops
 14225 | D:11     | Reached XP level 11. HP: 56/92 MP: 20/29
 14482 | D:11     | Found a staircase to the Orcish Mines.
 14968 | D:11     | Noticed a seven-headed hydra
 14974 | D:11     | Killed a seven-headed hydra
 14975 | D:11     | Reached skill level 10 in Spellcasting
 15786 | D:11     | Noticed Urug
 15805 | D:11     | Killed Urug
 16165 | D:11     | Reached skill level 10 in Air Magic
 16308 | D:11     | Found a staircase to the Orcish Mines.
 16852 | Lair:1   | Entered Level 1 of the Lair of Beasts
 16919 | Lair:1   | Noticed a six-headed hydra
 16923 | Lair:1   | Killed a six-headed hydra
 17240 | Lair:1   | Reached skill level 11 in Spellcasting
 17424 | Lair:1   | Noticed a five-headed hydra
 17430 | Lair:1   | Killed a five-headed hydra
 17740 | Lair:1   | Noticed a six-headed hydra
 17750 | Lair:1   | Killed a six-headed hydra
 19011 | Lair:2   | Found a staircase to the Snake Pit.
 19386 | Lair:2   | Reached XP level 12. HP: 103/103 MP: 19/32
 19885 | Lair:2   | Found a runed translucent gate.
 19885 | Lair:2   | Found a runed translucent gate.
 19885 | Lair:2   | Found a runed translucent gate.
 19890 | Lair:2   | Reached skill level 12 in Spellcasting
 19977 | Lair:2   | Noticed a minotaur
 20063 | Lair:2   | Noticed a boulder beetle
 20070 | Lair:2   | a boulder beetle changed into a torpor snail
 20406 | Lair:2   | Identified the amulet of Accord {Faith Int+2 Dex+3}
 20409 | Lair:2   | Noticed DEFE's ghost (journeyman DsFi)
 21890 | Lair:3   | Identified a scroll of acquirement
 21890 | Lair:3   | Acquired the ring "Fual" {+Blink rPois MP+9 Int+8}
 23080 | Lair:4   | Reached skill level 13 in Spellcasting
 23270 | Lair:4   | Reached skill level 10 in Fighting
 23602 | Lair:4   | Noticed a six-headed hydra
 23608 | Lair:4   | Killed a six-headed hydra
 23908 | Lair:4   | Found a staircase to the Swamp.
 23963 | Lair:4   | Noticed a catoblepas
 23981 | Lair:4   | Killed a catoblepas
 24452 | Lair:4   | Noticed Kirke
 24459 | Lair:4   | Killed Kirke
 25357 | Lair:5   | Reached XP level 13. HP: 114/114 MP: 35/35
 26146 | Lair:5   | Reached skill level 14 in Spellcasting
 26882 | Lair:6   | Entered Level 6 of the Lair of Beasts
 27655 | Lair:6   | HP: 5/116 [elephant (2)]
 27655 | Lair:6   | HP: 1/116 [elephant (4)]
 27708 | Lair:6   | HP: 1/116 [elephant (11)]
 27708 | Lair:6   | Slain by an eight-headed hydra

Illustrated notes

Levels and vault maps discovered:
D:1:      nzn_arrival_depleted_hourglass, layout_basic
D:2:      layout_rooms, basic_altar, minmay_pentomino_p2, uniq_jessica,
          uniq_robin
D:3:      layout_basic
D:4:      layout_loops_ring
D:5:      layout_gridville, minmay_temple_entry_fiery
D:6:      layout_rooms, gup_sewer_entry_bubbles, minmay_misc_feat_encased
D:7:      layout_loops_ring
D:8:      layout_cave_pools, fedhas_altar_3, amcnicky_mini_rare_corridor_liquid,
          chequers_serial_rivers_small_b, nicolae_water_bricks,
          minmay_guarded_unrand_staff_of_olgreb
D:9:      layout_roguey, nicolae_wwwww, dk_noncrumbling_4, uniq_maurice,
          uniq_harold
D:10:     layout_basic, grunt_ministairs_15, uniq_maggie
D:11:     layout_loops_cross, orc_0_dummy, enter_bailey_4,
          nzn_wu_jian_council_hall, uniq_urug
D:12:     layout_cave_pools, kennysheep_another_room, lemuel_blue_sif_altar
Lair:1:   layout_cave_shapes, chequers_serial_rivers_micro_e, st_stairs_13,
          grunt_megastairs_2
Lair:2:   layout_regular_city, guppyfry_snake_entry_garden,
          maelrawn_ghost_gauntlet_escape
Lair:3:   layout_long_grid, enter_volcano_3, lemuel_oklob_altar,
          grunt_megastairs_4, infiniplex_staircase_pool, serial_bayou_shore_a
Lair:4:   layout_small_grid, nicolae_swamp_entry_splash_gauntlet,
          chequers_serial_rivers_small_b, beast_lair_carwin_5, uniq_kirke
Lair:5:   layout_cave_pods
Lair:6:   cheibrodos_lair_end_hotspot, layout_long_grid,
          dpeg_slime_entry_enclosed_altar, hibernation_bobbens,
          serial_bayou_shore_b, infiniplex_staircase_pool_2

Skill      XL: |  1  2  3  4  5  6  7  8  9 10 11 12 13 |
---------------+----------------------------------------+-----
Conjurations   | 1 2 3 |  3.0
Spellcasting   | 2 3 4 5 6 8 9 11 13 14 | 14.2
Air Magic      | 3 4 5 6 7 8 9 10 | 10.0
Fighting       | 1 2 3 4 5 7 8 10 11 | 11.0
Shields        | 1 3 4 |  4.0
Dodging        | |  1.7
Stealth        | |  1.7

Action                   |  1- 3 |  4- 6 |  7- 9 | 10-12 | 13-15 || total
-------------------------+-------+-------+-------+-------+-------++-------
Melee: Unarmed           |     6 |       |       |       |       ||     6
       Short sword       |     7 |       |     4 |       |       ||    11
       Dagger            |       |       |    25 |    34 |    14 ||    73
 Cast: Shock             |    89 |   138 |    85 |    53 |    17 ||   382
       Airstrike         |       |       |   127 |   425 |    69 ||   621
Evoke: Wand              |       |       |     6 |     5 |       ||    11
  Use: Scroll            |       |     9 |     4 |     9 |     5 ||    27
       Potion            |       |       |     1 |     2 |     4 ||     7
 Stab: Paralysed         |       |       |     9 |    11 |       ||    20
Armor: Robe              |    15 |     8 |    15 |       |       ||    38
       Leather armour    |       |       |     8 |    59 |    53 ||   120
Dodge: Dodged            |    28 |    15 |    60 |    98 |    49 ||   250
Block: Buckler           |       |       |     4 |    43 |    20 ||    67

Table legend: (Time is in decaauts)
 A = Elapsed time spent in this place.
 B = Non-inter-level travel time spent in this place.
 C = Inter-level travel time spent in this place.
 D = Time resting spent in this place.
 E = Time spent auto-exploring this place.
 F = Levels seen in this place.
 G = Mean time per level.
                   A        B        C        D        E       F      G
               +--------+--------+--------+--------+--------+-----+--------+
         Total |  27779 |  26787 |    992 |   1611 |  22412 |  18 | 1543.3 |
       Dungeon |  16913 |  16162 |    751 |    843 |  13561 |  12 | 1409.4 |
          Lair |  10865 |  10625 |    240 |    768 |   8851 |   6 | 1810.8 |
               +--------+--------+--------+--------+--------+-----+--------+

Top non-repeatable levels by time:
    D:11: 2539 daAuts
  Lair:4: 2356 daAuts
  Lair:1: 2193 daAuts
    D:10: 2158 daAuts
  Lair:2: 2153 daAuts
     D:5: 1968 daAuts
  Lair:3: 1868 daAuts
  Lair:5: 1852 daAuts
     D:7: 1822 daAuts
     D:8: 1561 daAuts
     D:9: 1534 daAuts
     D:1: 1289 daAuts
     D:4: 1178 daAuts
     D:6: 1112 daAuts
     D:2: 1065 daAuts
